 Dungeon Crawl Stone Soup version 0.21-a0-578-gc6e9d75 (webtiles) character file.

217 Lanoc the Skirmisher (level 6, 0/48 HPs)
             Began as a Formicid Abyssal Knight on Dec 18, 2017.
             Was a Believer of Lugonu.
             Killed by divine providence
             ... invoked by an orc priest
              (16 damage)
             ... on level 5 of the Dungeon.
             The game lasted 00:06:28 (3399 turns).

Lanoc the Skirmisher (Formicid Abyssal Knight)      Turns: 3399, Time: 00:06:28

Health: 0/48       AC:  3    Str: 23    XL:     6   Next: 16%
Magic:  8/8        EV: 12    Int: 11    God:    Lugonu [**....]
Gold:   111        SH:  8    Dex: 12    Spells: 5/5 levels left

rFire    . . .     SeeInvis +   a - +1 hand axe
rCold    + . .     Gourm    .   i - +2 buckler
rNeg     . . .     Faith    .   b - +0 leather armour
rPois    .         Spirit   .   (helmet unavailable)
rElec    .         Reflect  +   (no cloak)
rCorr    .         Harm     .   (no gloves)
MR       .....                  (no boots)
Stlth    +.........             h - +2 amulet of reflection (curse)
HPRegen  0.16/turn              k - ring of protection from cold
MPRegen  0.11/turn              u - +6 ring of strength

@: no status effects
A: permanent stasis, dig shafts and tunnels, four strong arms, antennae 3
a: Dig, Shaft Self, Depart the Abyss, Bend Space, Renounce Religion


You were on level 5 of the Dungeon.
You worshipped Lugonu.
Lugonu was pleased with you.
You were not hungry.

You visited 1 branch of the dungeon, and saw 5 of its levels.
You visited the Abyss 1 time.

You collected 111 gold pieces.

Inventory:

Hand Weapons
 a - a +1 hand axe (weapon)
 d - a +0 hunting sling
Armour
 b - a +0 leather armour (worn)
 i - a +2 buckler (worn)
Jewellery
 h - a cursed +2 amulet of reflection (around neck)
 k - a ring of protection from cold (left hand)
 s - a +4 ring of intelligence
 u - a +6 ring of strength (right hand)
Wands
 m - a wand of iceblast (9)
 v - a wand of acid (4)
Scrolls
 e - 6 scrolls of identify {unknown}
 g - 5 scrolls of teleportation {unknown}
 j - 2 scrolls of fear {unknown}
 n - 3 scrolls of enchant weapon {unknown}
 t - a scroll of amnesia {unknown}
Potions
 f - a potion of might {unknown}
 l - a potion of haste {unknown}
 o - a potion of brilliance {unknown}
 p - 3 potions of curing {unknown}
 q - a potion of lignification {unknown}
 r - a potion of heal wounds {unknown}
 w - a potion of berserk rage {unknown}
Comestibles
 c - 4 rations


   Skills:
 + Level 4.1 Fighting
 + Level 3.0 Axes
 + Level 3.4 Armour
 + Level 2.0 Dodging
 + Level 2.0 Shields
 + Level 3.6 Invocations


You had 5 spell levels left.
You didn't know any spells.

Dungeon Overview and Level Annotations

Branches:
Dungeon (5/15)
 Temple: D:4-7

Altars:
Ashenzari
Kikubaaqudgha

Annotations:
D:4 vishdafish's ghost, amateur DsSk


Innate Abilities, Weirdness & Mutations

You cannot be hasted, slowed, berserked, paralysed or teleported.
You can dig through walls and to a lower floor.
Your four strong arms can wield two-handed weapons with a shield.
You have a pair of large antennae on your head. (SInv)


Message History

The orc wizard hits you but does no damage.
The orc wizard barely misses you.
You closely miss the orc wizard.
The orc wizard is severely wounded.
The orc wizard hits you with a dagger.
You hit the orc wizard.
The orc wizard is severely wounded.
You block the orc wizard's attack. The orc wizard hits you with a dagger.
You hit the orc wizard but do no damage.
The orc wizard is severely wounded.
The orc wizard hits you with a dagger. x2
You hit the orc wizard.
The orc wizard is almost dead.
The orc wizard hits you with a dagger.
You eat one of the 5 rations.
That ration really hit the spot!
The orc wizard points at you and mumbles some strange words.
The magic dart hits you!
The orc priest invokes the aid of Beogh against you.
Beogh smites you!
You die...

#### ....
#..##
##...##
.....#
#....##.##
#.........
#<# #@#
#o#


ooo ..... ....... ......... +.........+ #.........# You could see an orc priest,
2 orc wizards and an orc.

Vanquished Creatures
  A bullfrog (D:4)
  A scorpion (D:4)
  4 adders
  An ooze (D:2)
  2 dart slugs
  4 orcs
  6 giant cockroaches
  6 goblins
  9 hobgoblins
  9 jackals (D:1)
  5 kobolds
  4 bats
  2 frilled lizards
  3 rats
57 creatures vanquished.

Vanquished Creatures (others)
  A kobold (D:3)
1 creature vanquished.

Grand Total: 58 creatures vanquished

Notes
Turn   | Place    | Note
-------+----------+-------------------------------------------
     0 | Abyss:1  | Lanoc the Formicid Abyssal Knight began the quest for the Orb.
     0 | Abyss:1  | Reached XP level 1. HP: 18/18 MP: 2/2
    18 | D:1      | Escaped the Abyss
    48 | D:1      | Reached skill level 1 in Dodging
    97 | D:1      | Reached XP level 2. HP: 15/24 MP: 3/3
   439 | D:1      | Reached XP level 3. HP: 27/29 MP: 4/4
   654 | D:1      | Reached ** piety under Lugonu
  1160 | D:2      | Reached XP level 4. HP: 37/37 MP: 6/6
  1414 | D:2      | Reached skill level 1 in Shields
  1514 | D:2      | You fall through a shaft!
  1580 | D:3      | Found a shattered altar of Ashenzari.
  1697 | D:3      | Found an ancient bone altar of Kikubaaqudgha.
  2497 | D:4      | Reached XP level 5. HP: 42/42 MP: 7/7
  2549 | D:4      | Reached skill level 4 in Fighting
  3158 | D:4      | Noticed vishdafish's ghost (amateur DsSk)
  3159 | D:4      | Noticed a bullfrog
  3170 | D:4      | Killed a bullfrog
  3170 | D:4      | Reached XP level 6. HP: 13/48 MP: 8/8
  3196 | D:5      | Entered Level 5 of the Dungeon
  3399 | D:5      | Killed from afar by an orc priest

Vault maps used:
D:1:      tarquinn_simple_flora_water_b
D:3:      nicolae_ashenzari_panopticon, old_standard_altar,
          minmay_misc_feat_tower
D:4:      first_ration
D:5:      lemuel_doored_altar, lemuel_crystal_altar, temple_fountains,
          uniq_pikel, uniq_crazy_yiuf_cottage

Skill      XL: |  1  2  3  4  5 |
---------------+----------------+-----
Dodging        | 1 2 |  2.0
Invocations    | 3 |  3.6
Shields        | 1 2 |  2.0
Armour         | 3 |  3.4
Fighting       | 4 |  4.1
Axes           | 3 |  3.0

Action                   |  1- 3 |  4- 6 || total
-------------------------+-------+-------++-------
Melee: Hand axe          |    91 |   111 ||   202
 Stab: Sleeping          |       |     1 ||     1
  Eat: Chunk             |     1 |     5 ||     6
       Ration            |       |     1 ||     1
Armor: Leather armour    |    30 |    16 ||    46
Dodge: Dodged            |    63 |    46 ||   109
Block: Buckler           |    20 |    42 ||    62
       Other             |     1 |       ||     1
       Reflection        |       |     3 ||     3

Table legend:
 A = Spawn XP
 B = Non-spawn XP
 C = Spawn XP percentage of total XP
 D = Spawn monster count
 E = Non-spawn monster count
 F = Spawn count percentage of total count
 G = Total turns spent on level
                    A         B        C        D         E        F      G
               +---------+---------+-------+---------+---------+-------+---------
         Total |       0 |     311 |   0.0 |       0 |      58 |   0.0 |  3399
               +---------+---------+-------+---------+---------+-------+---------
           D:1 |       0 |      49 |   0.0 |       0 |      26 |   0.0 |   853
           D:2 |       0 |      54 |   0.0 |       0 |      13 |   0.0 |   643
           D:3 |       0 |      23 |   0.0 |       0 |      12 |   0.0 |   963
           D:4 |       0 |     182 |   0.0 |       0 |       6 |   0.0 |   719
           D:5 |       0 |       3 |   0.0 |       0 |       1 |   0.0 |   203
               +---------+---------+-------+---------+---------+-------+---------
